 Dungeon Crawl Stone Soup version 0.22-a0-377-g846bec1 (webtiles) character file.

3229 Falco the Prestidigitator (level 9, -7/68 HPs)
             Began as a Gnoll Artificer on Apr 28, 2018.
             Was a Believer of Makhleb.
             Killed from afar by a manticore (17 damage)
             ... with a volley of spikes
             ... on level 7 of the Dungeon.
             The game lasted 00:42:18 (7596 turns).

Falco the Prestidigitator (Gnoll Artificer)         Turns: 7596, Time: 00:42:18

Health: -7/68      AC:  6    Str: 17    XL:     9   Next: 98%
Magic:  16/16      EV: 16    Int: 14    God:    Makhleb [**....]
Gold:   276        SH:  0    Dex: 16    Spells: 17/17 levels left

rFire    . . .     SeeInvis .   a - +3 dagger (venom)
rCold    . . .     Gourm    .   (no shield)
rNeg     . . .     Faith    .   x - +2 robe {MR+}
rPois    +         Spirit   .   G - +0 helmet
rElec    .         Reflect  .   H - +0 cloak {rPois}
rCorr    .         Harm     .   (no gloves)
MR       +....                  (no boots)
Stlth    +++.......             (no amulet)
HPRegen  0.21/turn              (no ring)
MPRegen  0.15/turn              (no ring)

@: about to teleport, barbed spikes
A: distributed training, fangs 1, strong nose
a: Minor Destruction, Renounce Religion


You were on level 7 of the Dungeon.
You worshipped Makhleb.
Makhleb was pleased with you.
You were not hungry.

You visited 1 branch of the dungeon, and saw 7 of its levels.

You collected 276 gold pieces.

Inventory:

Hand Weapons
 a - a +3 dagger of venom (weapon)
 b - a +0 blowgun
 C - a +2 mace of draining
 E - a +0 hand axe of electrocution
 K - a +0 shortbow
Missiles
 k - 28 poisoned needles
Armour
 x - a +2 robe of magic resistance (worn)
 G - a +0 helmet (worn)
 H - a +0 cloak of poison resistance (worn)
Jewellery
 i - an uncursed ring of magical power {unknown}
 m - a cursed amulet of inaccuracy {unknown}
 q - an uncursed ring of positive energy {unknown}
 w - an uncursed ring of stealth {unknown}
Wands
 c - a wand of flame (6)
 d - a wand of enslavement (15)
 e - a wand of random effects (43)
 y - a wand of polymorph (21)
Scrolls
 g - a scroll of magic mapping {unknown}
 h - 3 scrolls of blinking
 j - 2 scrolls of teleportation
 l - 2 scrolls of fear {unknown}
 n - 2 scrolls of amnesia
 p - a scroll of fog {unknown}
 s - a scroll of noise {unknown}
 t - 2 scrolls of random uselessness {unknown}
 v - 2 scrolls of immolation {unknown}
 A - a scroll of enchant weapon {unknown}
 J - 2 scrolls of remove curse {unknown}
 L - a scroll of enchant armour {unknown}
Potions
 o - 3 potions of flight
 r - a potion of degeneration {unknown}
 u - 2 potions of heal wounds {unknown}
 z - a potion of curing
 B - 2 potions of haste {unknown}
 D - a potion of mutation {unknown}
 F - a potion of ambrosia {unknown}
 I - a potion of brilliance {unknown}
 M - a potion of agility {unknown}
Comestibles
 f - 4 rations


   Skills:
 + Level 5.4 Fighting
 + Level 5.4 Short Blades
 + Level 4.6 Long Blades
 + Level 4.6 Axes
 + Level 4.6 Maces & Flails
 + Level 4.6 Polearms
 + Level 4.6 Staves
 + Level 4.6 Slings
 + Level 4.6 Bows
 + Level 4.6 Crossbows
 + Level 4.6 Throwing
 + Level 4.6 Armour
 + Level 6.6 Dodging
 + Level 5.3 Stealth
 + Level 4.6 Shields
 + Level 4.6 Unarmed Combat
 + Level 4.6 Spellcasting
 + Level 3.8 Conjurations
 + Level 3.8 Hexes
 + Level 3.8 Charms
 + Level 3.8 Summonings
 + Level 3.8 Necromancy
 + Level 3.8 Translocations
 + Level 3.8 Transmutations
 + Level 3.8 Fire Magic
 + Level 3.8 Ice Magic
 + Level 3.8 Air Magic
 + Level 3.8 Earth Magic
 + Level 3.8 Poison Magic
 + Level 5.1 Invocations
 + Level 8.1 Evocations


You had 17 spell levels left.
You didn't know any spells.

Dungeon Overview and Level Annotations

Branches:
Dungeon (7/15)             Temple (0/1) D:6

Altars:
Ashenzari
Cheibriados
Elyvilon
Hepliaklqana
Makhleb
Nemelex Xobeh
Okawaru
Xom

Annotations:
D:4 Alphaeus's ghost, novice MiCK


Innate Abilities, Weirdness & Mutations

Your experience applies equally to all skills.
You have very sharp teeth.
Your uncanny sense of smell can sniff out nearby items.


Message History

You bite the manticore, but do no damage.
The manticore is lightly wounded.
You closely miss the manticore.
The manticore is lightly wounded.
The manticore closely misses you. The manticore claws you!
The manticore closely misses you.
As you read the scroll of teleportation, it crumbles to dust.
You feel strangely unstable. The manticore bites you!!
The manticore barely misses you. The manticore closely misses you.
You hit the manticore but do no damage.
The manticore looks as sick as possible!
The manticore is lightly wounded.
The manticore bites you!
* * * LOW HITPOINT WARNING * * *
The manticore closely misses you. The manticore claws you.
* * * LOW HITPOINT WARNING * * *
The manticore flicks its tail.
The volley of spikes hits you!
The barbed spikes become lodged in your body.
You die...

#.......######.###..#
#..............>....#
#........######.##... #
#.................... #
#####...#######........
#
##...##.##...######..#..
#
#.8.8.#.#.8.8.########..
#
#.._..#.#.._..#......#..
#
#.8...#@#...8.#.####.#..
# ###...'#.#'...##.#
#.... #
##.#####..H#####..#
#.#.. #
#........⌠........#
#.#.# #
#####..#####...#####.##
#.... #
#.....##...'#.#'...###
###.. #
#...###.8...#.#...8.#
#.. # #...#
#.._..#.#.._..# #####..
# #...# #.8.8.#.#.8.8.#
#......


You could see a manticore.

Vanquished Creatures
  A two-headed ogre (D:7)
  Sigmund (D:3)
  Edmund (D:4)
  2 ice beasts
  An orc warrior (D:6)
  4 ogres
  A crocodile (D:7)
  3 centaurs
  4 bullfrogs
  A water moccasin zombie (D:5)
  2 scorpions (D:7)
  2 wights (D:4)
  2 crimson imps
  3 hounds
  A bullfrog skeleton (D:5)
  7 orc priests
  3 iguanas
  3 orc wizards (D:6)
  A centaur skeleton (D:7)
  Jessica (D:3)
  Crazy Yiuf (D:6)
  Ijyb (D:3)
  Terence (D:2)
  A worker ant (D:6)
  A hound skeleton (D:4)
  3 gnolls (D:3)
  5 adders
  An adder zombie (D:7)
  A worm (D:2)
  2 dart slugs
  7 leopard geckos
  14 orcs
  A ball python (D:3)
  7 giant cockroaches
  9 goblins
  6 hobgoblins
  5 kobolds
  6 quokkas
  5 bats
  3 frilled lizards
  A jackal skeleton (D:5)
  A leopard gecko skeleton (D:7)
  4 rats
130 creatures vanquished.

Notes
Turn   | Place    | Note
-------+----------+-------------------------------------------
     0 | D:1      | Falco the Gnoll Artificer began the quest for the Orb.
     0 | D:1      | Reached XP level 1. HP: 17/17 MP: 4/4
   340 | D:1      | Reached XP level 2. HP: 16/23 MP: 6/6
  1124 | D:2      | Found an iron altar of Okawaru.
  1175 | D:2      | Reached XP level 3. HP: 16/28 MP: 7/7
  1358 | D:2      | Noticed Terence
  1371 | D:2      | Killed Terence
  1371 | D:2      | Reached skill level 1 in Long Blades
  1371 | D:2      | Reached skill level 1 in Axes
  1371 | D:2      | Reached skill level 1 in Maces & Flails
  1371 | D:2      | Reached skill level 1 in Polearms
  1371 | D:2      | Reached skill level 1 in Staves
  1371 | D:2      | Reached skill level 1 in Slings
  1371 | D:2      | Reached skill level 1 in Bows
  1371 | D:2      | Reached skill level 1 in Crossbows
  1371 | D:2      | Reached skill level 1 in Throwing
  1371 | D:2      | Reached skill level 1 in Armour
  1371 | D:2      | Reached skill level 1 in Shields
  1371 | D:2      | Reached skill level 1 in Unarmed Combat
  1371 | D:2      | Reached skill level 1 in Spellcasting
  1371 | D:2      | Reached skill level 1 in Invocations
  1483 | D:2      | Reached XP level 4. HP: 30/34 MP: 8/8
  1887 | D:2      | Found a burning altar of Makhleb.
  1890 | D:2      | Reached skill level 1 in Conjurations
  1890 | D:2      | Reached skill level 1 in Hexes
  1890 | D:2      | Reached skill level 1 in Charms
  1890 | D:2      | Reached skill level 1 in Summonings
  1890 | D:2      | Reached skill level 1 in Necromancy
  1890 | D:2      | Reached skill level 1 in Translocations
  1890 | D:2      | Reached skill level 1 in Transmutations
  1890 | D:2      | Reached skill level 1 in Fire Magic
  1890 | D:2      | Reached skill level 1 in Ice Magic
  1890 | D:2      | Reached skill level 1 in Air Magic
  1890 | D:2      | Reached skill level 1 in Earth Magic
  1890 | D:2      | Reached skill level 1 in Poison Magic
  1895 | D:2      | Became a worshipper of Makhleb the Destroyer
  2076 | D:3      | Found a shimmering altar of Xom.
  2230 | D:3      | Found a hazy altar of Hepliaklqana.
  2231 | D:3      | Noticed Ijyb
  2300 | D:3      | Reached XP level 5. HP: 27/40 MP: 9/9
  2708 | D:3      | Killed Ijyb
  2758 | D:3      | Noticed Sigmund
  2786 | D:3      | Killed Sigmund
  2786 | D:3      | Reached skill level 5 in Dodging
  2786 | D:3      | Reached XP level 6. HP: 47/47 MP: 11/11
  2882 | D:3      | Reached * piety under Makhleb
  2887 | D:3      | Reached XP level 7. HP: 32/52 MP: 12/12
  3067 | D:3      | Noticed Jessica
  3071 | D:3      | Killed Jessica
  3291 | D:4      | Noticed Alphaeus's ghost (novice MiCK)
  3539 | D:4      | Reached skill level 7 in Evocations
  3878 | D:4      | Noticed Edmund
  3936 | D:4      | Killed Edmund
  3992 | D:5      | Entered Level 5 of the Dungeon
  4071 | D:5      | Reached XP level 8. HP: 52/60 MP: 13/13
  4739 | D:6      | Found a shattered altar of Ashenzari.
  4865 | D:6      | Found a runed door.
  4943 | D:6      | Reached ** piety under Makhleb
  5057 | D:6      | Found a staircase to the Ecumenical Temple.
  5501 | D:6      | Reached XP level 9. HP: 37/66 MP: 14/14
  6216 | D:6      | Noticed Crazy Yiuf
  6220 | D:6      | Killed Crazy Yiuf
  6759 | D:7      | Found a sparkling altar of Nemelex Xobeh.
  6762 | D:7      | Found a white marble altar of Elyvilon.
  6774 | D:7      | Found a shattered altar of Ashenzari.
  6777 | D:7      | Found a snail-covered altar of Cheibriados.
  6817 | D:7      | Reached skill level 5 in Fighting
  6817 | D:7      | Reached skill level 5 in Short Blades
  7255 | D:7      | Reached skill level 5 in Stealth
  7257 | D:7      | Noticed a two-headed ogre
  7268 | D:7      | Noticed a manticore
  7269 | D:7      | Killed a two-headed ogre
  7269 | D:7      | Reached skill level 5 in Invocations
  7269 | D:7      | Reached skill level 8 in Evocations
  7596 | D:7      | Killed from afar by a manticore

Vault maps used:
D:1:      dpeg_cavernosity
D:2:      okawaru_trees_1, makhleb_blood_cavern_becter, uniq_terence
D:3:      old_standard_altar, xom_teletrap_fun, first_ration, uniq_ijyb,
          uniq_jessica, uniq_sigmund
D:4:      grunt_temple_overflow_gold_and_silver, lemuel_tele_altar, uniq_edmund
D:5:      nicolae_qazlal_eye_of_the_storm, kennysheep_generic_room_10
D:6:      minmay_temple_entry_metal_lava, basic_altar, glass_columns_a,
          uniq_crazy_yiuf_cottage
D:7:      minmay_cornered_nines, grunt_temple_overflow_cloverleaf

Skill      XL: |  1  2  3  4  5  6  7  8  9 |
---------------+----------------------------+-----
Long Blades    | 1 2 3 4 |  4.6
Axes           | 1 2 3 4 |  4.6
Maces & Flails | 1 2 3 4 |  4.6
Polearms       | 1 2 3 4 |  4.6
Staves         | 1 2 3 4 |  4.6
Slings         | 1 2 3 4 |  4.6
Bows           | 1 2 3 4 |  4.6
Crossbows      | 1 2 3 4 |  4.6
Throwing       | 1 2 3 4 |  4.6
Armour         | 1 2 3 4 |  4.6
Shields        | 1 2 3 4 |  4.6
Unarmed Combat | 1 2 3 4 |  4.6
Spellcasting   | 1 2 3 4 |  4.6
Invocations    | 1 2 3 4 5 |  5.1
Conjurations   | 1 2 3 |  3.8
Hexes          | 1 2 3 |  3.8
Charms         | 1 2 3 |  3.8
Summonings     | 1 2 3 |  3.8
Necromancy     | 1 2 3 |  3.8
Translocations | 1 2 3 |  3.8
Transmutations | 1 2 3 |  3.8
Fire Magic     | 1 2 3 |  3.8
Ice Magic      | 1 2 3 |  3.8
Air Magic      | 1 2 3 |  3.8
Earth Magic    | 1 2 3 |  3.8
Poison Magic   | 1 2 3 |  3.8
Fighting       | 3 4 5 |  5.4
Short Blades   | 3 4 5 |  5.4
Dodging        | 5 6 |  6.6
Stealth        | 3 4 5 |  5.3
Evocations     | 7 8 |  8.1

Action                   |  1- 3 |  4- 6 |  7- 9 || total
-------------------------+-------+-------+-------++-------
Melee: Short sword       |    31 |       |       ||    31
       Dagger            |    39 |    89 |   411 ||   539
       Bite              |     8 |     9 |    70 ||    87
       Punch             |       |       |     3 ||     3
 Fire: Blowgun           |       |       |     2 ||     2
Invok: Minor Destruction |       |       |     1 ||     1
Evoke: Wand              |       |     3 |     6 ||     9
  Use: Scroll            |       |     5 |     6 ||    11
       Potion            |       |     2 |     2 ||     4
 Stab: Sleeping          |     6 |     3 |     7 ||    16
  Eat: Ration            |     1 |     1 |     4 ||     6
       Chunk             |     1 |       |       ||     1
Armor: Leather armour    |     8 |    12 |       ||    20
       Skin              |       |     6 |       ||     6
       Robe              |       |       |    40 ||    40
Dodge: Dodged            |    23 |    51 |   239 ||   313

Table legend:
 A = Spawn XP
 B = Non-spawn XP
 C = Spawn XP percentage of total XP
 D = Spawn monster count
 E = Non-spawn monster count
 F = Spawn count percentage of total count
 G = Total turns spent on level
                    A         B        C        D         E        F      G
               +---------+---------+-------+---------+---------+-------+---------
         Total |       0 |    4614 |   0.0 |       0 |     130 |   0.0 |  7596
               +---------+---------+-------+---------+---------+-------+---------
           D:1 |       0 |      23 |   0.0 |       0 |      13 |   0.0 |  1063
           D:2 |       0 |     123 |   0.0 |       0 |      20 |   0.0 |  1013
           D:3 |       0 |     518 |   0.0 |       0 |      26 |   0.0 |  1192
           D:4 |       0 |     476 |   0.0 |       0 |       7 |   0.0 |   724
           D:5 |       0 |     305 |   0.0 |       0 |      13 |   0.0 |   747
           D:6 |       0 |    1288 |   0.0 |       0 |      33 |   0.0 |  1743
           D:7 |       0 |    1881 |   0.0 |       0 |      18 |   0.0 |  1114
               +---------+---------+-------+---------+---------+-------+---------
